 Dungeon Crawl Stone Soup version 0.27.1-2-g3b301248ec (webtiles) character file.

Game seed: 3564972532836823011

77 worthlessgem the Magician (level 4, -2/33 HPs)
             Began as a Djinni Warper on Sept 25, 2021.
             Killed from afar by Natasha (4 damage)
             ... with a magic dart
             ... on level 2 of the Dungeon.
             The game lasted 00:07:15 (2079 turns).

worthlessgem the Magician (Djinni Warper)           Turns: 2079, Time: 00:07:17

Health: -2/33      AC:  3    Str: 10    XL:     4   Next: 58%
Gold:   49         EV: 11    Int: 16    God:
                   SH:  0    Dex: 12

rFire    + + .     SeeInvis .   a - +0 falchion
rCold    x . .     Faith    .   (no shield)
rNeg     . . .     Spirit   .   f - +0 leather armour
rPois    ∞         Reflect  .   (no helmet)
rElec    .         Harm     .   (no cloak)
rCorr    .         Rampage  .   (no gloves)
Will     .....                  (boots unavailable)
Stlth    +.........             (no amulet)
HPRegen  0.11/turn              (no ring)
MPRegen  0.00/turn              (no ring)

@: flying, slowed, very slow
A: sickness immunity, fire resistance 2, cold vulnerability 1, float, innate
caster, hp casting, extra vitality 1
a: no special abilities


You were on level 2 of the Dungeon.
You visited 1 branch of the dungeon, and saw 2 of its levels.

You collected 49 gold pieces.

Inventory:

Hand Weapons
 a - a +0 falchion (weapon)
 b - a +0 hunting sling
Missiles
 d - 5 boomerangs of dispersal (quivered)
 e - 11 poisoned darts
 h - 64 stones
Armour
 f - a +0 leather armour (worn)
Scrolls
 c - a scroll of blinking
 g - a scroll of enchant weapon {unknown}
 i - a scroll of brand weapon {unknown}
 k - a scroll of amnesia {unknown}
 l - a scroll of identify {unknown}
Potions
 j - 2 potions of curing {unknown}


   Skills:
 + Level 2.1 Fighting
 * Level 2.4 Long Blades
 - Level 0.7 Throwing
 - Level 1.0 Armour
 - Level 2.1 Dodging
 * Level 3.5 Spellcasting


You couldn't memorise any spells.
You knew the following spells:

 Your Spells              Type           Power      Damage    Failure   Level
a - Blink                 Tloc           N/A        N/A       9%          2
b - Lesser Beckoning      Tloc           7%         N/A       17%         3
c - Gell's Gravitas       Tloc           7%         N/A       17%         3
d - Teleport Other        Tloc           14%        N/A       17%         3
e - Manifold Assault      Tloc           14%        N/A       83%         5
f - Pain                  Necr           56%        1d6       5%          1
Your spell library was empty.

Dungeon Overview and Level Annotations

Branches:
Dungeon (2/15)

Altars:
Xom

Annotations:
D:2 Natasha


Innate Abilities, Weirdness & Mutations

You are immune to sickness and miasma.
You are immune to poison.
Your flesh is very heat resistant. (rF++)
You are vulnerable to cold. (rC-)
You float through the air rather than walking.
You learn spells naturally, not from books.
Your magical power is your life essence.
You have superior vitality. (+4 HP)


Message History

Natasha howls an incantation.
You feel troubled.
Natasha drinks a potion.
Natasha is healed!
You closely miss Natasha. Natasha claws you.
You completely miss Natasha. Natasha barely misses you. x2
You barely miss Natasha. Natasha barely misses you.
You closely miss Natasha. Natasha claws you.
You hit Natasha.
Natasha is moderately wounded.
Natasha closely misses you.
You closely miss Natasha.
Natasha is moderately wounded.
Natasha closely misses you.
You hit Natasha.
Natasha is heavily wounded.
Natasha claws you. Natasha casts a spell at you.
You feel yourself slow down.
You hit Natasha.
Natasha is heavily wounded.
Natasha wildly gestures.
Natasha glows brightly for a moment.
Natasha claws you.
Casting: Pain (safe; 5% risk of failure)
Confirm with . or Enter, or press ? or * to list all spells.
The spell is quite dangerous to cast (17% risk of failure)!
Continue anyway?
Aiming: Teleport Other (quite dangerous; 17% risk of failure)
Press: ? - help, Shift-Dir - straight line, f - Natasha
Aim: Natasha (heavily wounded, chance to affect: 50%) Natasha resists with significant effort.
Natasha casts a spell.
Natasha claws you.
You hit Natasha.
Natasha is severely wounded.
Natasha claws you!
* * * LOW HITPOINT WARNING * * *
The crimson imp hits you but does no damage.
Natasha casts a spell at you. The magic dart hits you.
You die...

........ #..........##
........## #..........#
.........##+#..........#
.......#.#.......#######
#......#.#.......#
#...(..#.#.......########
.........................
#......#h#.......########
#......#@##.######
#......#5##.#
########..#.#############
.....................
#####.#.#############
#...................
#+##.#.#.#.#####..#.
....?...#.#.#.# #....
........#.#.#.#####.#..


You could see Natasha and a crimson imp (summoned).

Vanquished Creatures
  Natasha (D:2)
  2 adders (D:2)
  5 ball pythons (D:1)
  2 bats
  6 endoplasms (D:1)
  2 goblins (D:1)
  2 hobgoblins
  3 kobolds (D:1)
  4 quokkas
  A frilled lizard (D:1)
  2 rats (D:1)
30 creatures vanquished.

Notes
Turn   | Place    | Note
-------+----------+-------------------------------------------
     0 | D:1      | worthlessgem the Djinni Warper began the quest for the Orb.
     0 | D:1      | Reached XP level 1. HP: 18/18 MP: 0/0
   380 | D:1      | Reached XP level 2. HP: 20/23 MP: 0/0
  1061 | D:1      | Reached skill level 3 in Spellcasting
  1296 | D:1      | Reached XP level 3. HP: 28/28 MP: 0/0
  1296 | D:1      | Learned a level 1 spell: Pain
  1847 | D:2      | Found a shimmering altar of Xom.
  1884 | D:2      | Reached XP level 4. HP: 33/33 MP: 0/0
  1946 | D:2      | Noticed Natasha
  1952 | D:2      | Killed Natasha
  2064 | D:2      | Noticed Natasha
  2079 | D:2      | Killed from afar by Natasha

Illustrated notes

Levels and vault maps discovered:
D:1:      minmay_arrival_five_plusses, layout_loops_corners
D:2:      layout_basic, shapermc_ecumenical_altar_mp_vishouse, basic_altar,
          grunt_decor_junction, uniq_natasha

Skill      XL: |  1  2  3 |
---------------+----------+-----
Spellcasting   | 3 |  3.5
Long Blades    | 2 |  2.4
Fighting       | |  2.1
Throwing       | |  0.7
Armour         | |  1.0
Dodging        | |  2.1

Action                   |  1- 3 |  4- 6 || total
-------------------------+-------+-------++-------
Melee: Falchion          |    52 |    19 ||    71
 Fire: Hunting sling     |    40 |       ||    40
 Cast: Pain              |     1 |       ||     1
       Teleport Other    |       |     1 ||     1
Armor: Leather armour    |    15 |     1 ||    16
Dodge: Dodged            |    27 |    10 ||    37
       Rpst.: Falchion   |    10 |     2 ||    12
